 Dungeon Crawl Stone Soup version 0.17.1-1-g73c8601 (webtiles) character file.

103 shmeve the Skirmisher (level 4, 0/60 HPs)
             Began as a Draconian Berserker on Apr 27, 2016.
             Was a Believer of Trog.
             Slain by an orc priest
             ... wielding a +0 flail
              (9 damage)
             ... on level 4 of the Dungeon.
             The game lasted 00:06:00 (2612 turns).

shmeve the Skirmisher (Draconian Berserker)         Turns: 2612, Time: 00:06:01

Health: 0/60       AC:  5    Str: 25    XL:     4   Next: 51%
Magic:  4/4        EV: 13    Int:  8    God:    Trog [**....]
Gold:   177        SH:  0    Dex: 10    Spells: 0 memorised, 3 levels left

rFire  . . .     SeeInvis .     r - +0 war axe (chop)
rCold  . . .     Clarity  .     (armour unavailable)
rNeg   + . .     SustAt   .     (no shield)
rPois  .         Gourm    .     (helmet restricted)
rElec  .         Spirit   .     (no cloak)
rCorr  .         Warding  .     (no gloves)
rMut   .         Stasis   .     (no boots)
MR     ++...                    (no amulet)
Stlth  ..........               k - ring of positive energy
                                g - ring of stealth

@: berserking, regenerating, very quick, very resistant to hostile enchantments,
extremely unstealthy
A: unfitting armour, cold-blooded, AC +5
a: Berserk, Trog's Hand, Burn Spellbooks, Renounce Religion


You were on level 4 of the Dungeon.
You worshipped Trog.
Trog was pleased with you.
You were very hungry.

You visited 1 branch of the dungeon, and saw 4 of its levels.

You collected 177 gold pieces.

Inventory:

Hand Weapons
 r - a +0 war axe of chopping (weapon)
Jewellery
 g - a ring of stealth (left hand)
 k - a ring of positive energy (right hand)
 v - an uncursed ring of fire {unknown}
Scrolls
 a - 3 scrolls of fear {unknown}
 e - 2 scrolls of noise {unknown}
 l - 2 scrolls of random uselessness {unknown}
 n - 4 scrolls of magic mapping {unknown}
 o - 5 scrolls of identify {unknown}
 s - a scroll of fog {unknown}
Potions
 c - a potion of heal wounds {unknown}
 f - a potion of magic {unknown}
 h - 2 potions of cancellation {unknown}
 j - 2 potions of brilliance {unknown}
 p - a potion of invisibility {unknown}
 q - 2 potions of ambrosia {unknown}
 u - a potion of poison {unknown}
Comestibles
 b - 2 bread rations
 d - 4 meat rations
 i - 3 fruits
 m - 2 slices of pizza


   Skills:
 * Level 4.0 Fighting
 * Level 4.0 Axes
 * Level 3.4 Dodging
 + Level 1.1 Stealth


You had 3 spell levels left.
You didn't know any spells.

Dungeon Overview and Level Annotations

Branches:
Dungeon (4/15)
 Temple: D:4-7

Altars:
Cheibriados
Trog
Xom
Yredelemnul


Innate Abilities, Weirdness & Mutations

Your plain brown scales are hard (AC +5).
Your body does not fit into most forms of armour.
You are cold-blooded and may be slowed by cold attacks.


Message History

The orc hits you with a hand axe.
* * * LOW HITPOINT WARNING * * *
You hit the orc priest but do no damage.
Your tail-slap misses the orc priest.
The orc priest is moderately wounded.
You hit the orc.
The orc is severely wounded.
You closely miss the orc.
The orc is severely wounded.
The orc misses you.
The orc priest hits you but does no damage.
The orc closely misses you.
An orc comes into view. It is wielding a short sword.
A red film seems to cover your vision as you go berserk!
You feel yourself moving faster!
You feel mighty!
You are feeling very hungry.
The orc hits you with a club.
* * * LOW HITPOINT WARNING * * *
The orc priest hits you with a flail!
You die...

##..##
#.########.....#...#
#.## ..# #####.#.###
#. ...# ###......##
. ##Z.#
###.......>.# #)(#
#####(.....<...## ..
#.(...##.....###
....##(##..#.### .#
#.o##..#.#
#@##.....#
#ool....## ooo..$##.
#o.....# . #......#
$.....## o.....#
........


You could see an orc priest, 7 orcs and a giant gecko.

Vanquished Creatures
  A worker ant (D:4)
  An adder (D:2)
  A worm (D:2)
  2 giant geckos
  2 orcs
  2 ball pythons
  3 giant cockroaches
  4 goblins
  5 hobgoblins
  5 quokkas
  8 bats
  5 giant newts
  8 kobolds
  A quokka skeleton (D:4)
  15 rats
63 creatures vanquished.

Notes
Turn   | Place    | Note
--------------------------------------------------------------
     0 | D:1      | shmeve the Draconian Berserker began the quest for the Orb.
     0 | D:1      | Reached XP level 1. HP: 19/19 MP: 1/1
   163 | D:1      | Reached XP level 2. HP: 21/26 MP: 2/2
   993 | D:2      | Found a snail-covered altar of Cheibriados.
   997 | D:2      | Reached XP level 3. HP: 31/31 MP: 3/3
  1137 | D:2      | Reached ** piety under Trog
  1260 | D:2      | Noticed a moth of wrath
  1263 | D:2      | Found a bloodstained altar of Trog.
  1775 | D:3      | Found a shimmering altar of Xom.
  1864 | D:3      | Found a basalt altar of Yredelemnul.
  2166 | D:3      | Reached XP level 4. HP: 40/40 MP: 4/4
  2320 | D:3      | Reached *** piety under Trog
  2406 | D:4      | Reached skill level 4 in Fighting
  2406 | D:4      | Reached skill level 1 in Stealth
  2612 | D:4      | Slain by an orc priest

Action                   |  1- 3 |  4- 6 || total
-------------------------+-------+-------++-------
Melee: Hand axe          |    85 |       ||    85
       War axe           |    45 |    21 ||    66
Invok: Trog's Hand       |       |     2 ||     2
       Berserk           |       |     1 ||     1
 Stab: Sleeping          |    10 |     2 ||    12
  Eat: Chunk             |     4 |     1 ||     5
